 Dungeon Crawl Stone Soup version 0.21.1-1-g345015f (webtiles) character file.

67 nicolaieve the Chopper (level 4, 0/39 HPs)
             Began as a Minotaur Berserker on July 18, 2018.
             Was a Follower of Trog.
             Slain by Natasha (3 damage)
             ... on level 2 of the Dungeon.
             The game lasted 00:03:25 (860 turns).

nicolaieve the Chopper (Minotaur Berserker)          Turns: 860, Time: 00:03:26

Health: 0/39       AC:  2    Str: 23    XL:     4   Next: 0%
Magic:  3/3        EV: 12    Int:  4    God:    Trog [*.....]
Gold:   82         SH:  0    Dex:  9    Spells: 3/3 levels left

rFire    . . .     SeeInvis .   a - +0 hand axe
rCold    . . .     Gourm    .   (no shield)
rNeg     . . .     Faith    .   b - +0 animal skin
rPois    .         Spirit   .   (helmet restricted)
rElec    .         Reflect  .   (no cloak)
rCorr    .         Harm     .   (no gloves)
MR       .....                  (no boots)
Stlth    +.........             (no amulet)
HPRegen  0.13/turn              (no ring)
MPRegen  0.08/turn              (no ring)

@: no status effects
A: retaliatory headbutt, horns 2
a: Berserk, Burn Spellbooks, Renounce Religion


You were on level 2 of the Dungeon.
You worshipped Trog.
Trog was aware of your devotion.
You were not hungry.

You visited 1 branch of the dungeon, and saw 2 of its levels.

You collected 82 gold pieces.

Inventory:

Hand Weapons
 a - a +0 hand axe (weapon)
Armour
 b - a +0 animal skin (worn)
Scrolls
 e - 2 scrolls of teleportation {unknown}
 f - a scroll of remove curse {unknown}
 i - 2 scrolls of enchant armour {unknown}
 j - a scroll of enchant weapon {unknown}
Potions
 d - a potion of magic {unknown}
 g - a potion of curing {unknown}
 h - a potion of invisibility {unknown}
Comestibles
 c - 2 rations
 k - 5 chunks of flesh


   Skills:
 - Level 3.6 Fighting
 + Level 5.9 Axes
 - Level 2.4 Armour
 - Level 2.1 Dodging


You had 3 spell levels left.
You didn't know any spells.

Dungeon Overview and Level Annotations

Branches:
Dungeon (2/15)

Altars:

Annotations:
D:2 Natasha


Innate Abilities, Weirdness & Mutations

You reflexively headbutt those who attack you in melee.
You have a pair of horns on your head.


Message History

Natasha completely misses you.
Unknown command.
You hit Natasha.
Natasha is moderately wounded.
Natasha claws you.
* * * LOW HITPOINT WARNING * * *
You hit Natasha but do no damage.
Natasha is moderately wounded.
Natasha closely misses you.
Unknown command.
You hit Natasha. Your headbutt misses Natasha.
Natasha is severely wounded.
Natasha stares at you and mumbles some strange words.
The magic dart hits you!
* * * LOW HITPOINT WARNING * * *
Unknown command.
You hit Natasha.
Natasha is severely wounded.
Natasha claws you.
You die...

#.##.##.# ....... #.#≈.≈≈≈≈≈≈
#......^#####...## #..≈.≈≈≈≈≈≈
####.......#.....###.#..≈≈≈≈≈≈
#<.#.#.........##.#....≈≈.≈
#..#...........##.#...≈≈≈..
#...........)..((.#########
##.###..#.....#####
###.###..##...##
...........@..#
.##.#######h..# .# #...# #...#
#...# #...# #...# .....


You could see Natasha.

Vanquished Creatures
  Natasha (D:2)
  A gnoll (D:1)
  2 dart slugs
  4 leopard geckos (D:1)
  2 giant cockroaches (D:1)
  A goblin (D:1)
  2 jackals (D:2)
  3 kobolds
  2 ball pythons (D:1)
  2 bats (D:1)
  2 frilled lizards (D:1)
  3 rats
25 creatures vanquished.

Vanquished Creatures (others)
  Robin (D:2)
  8 goblins (D:2)
9 creatures vanquished.

Grand Total: 34 creatures vanquished

Notes
Turn   | Place    | Note
-------+----------+-------------------------------------------
     0 | D:1      | nicolaieve the Minotaur Berserker began the quest for the Orb.
     0 | D:1      | Reached XP level 1. HP: 19/19 MP: 0/0
    37 | D:1      | Reached skill level 4 in Axes
   107 | D:1      | Reached XP level 2. HP: 7/26 MP: 1/1
   309 | D:1      | Reached skill level 5 in Axes
   353 | D:1      | Reached XP level 3. HP: 14/31 MP: 2/2
   733 | D:2      | Killed Robin
   797 | D:2      | Noticed Natasha
   804 | D:2      | Killed Natasha
   807 | D:2      | Found a faded altar of an unknown god.
   847 | D:2      | Reached XP level 4. HP: 22/39 MP: 3/3
   850 | D:2      | Noticed Natasha
   860 | D:2      | Slain by Natasha

Skill      XL: |  1  2 |
---------------+-------+-----
Axes           | 4 5 |  5.9
Fighting       | |  3.6
Armour         | |  2.4
Dodging        | |  2.1

Action                   |  1- 3 |  4- 6 || total
-------------------------+-------+-------++-------
Melee: Hand axe          |    60 |     6 ||    66
       Headbutt          |     7 |       ||     7
Armor: Animal skin       |    26 |     1 ||    27
Dodge: Dodged            |    33 |     2 ||    35
